 Dungeon Crawl Stone Soup version 0.32-a0-290-g598725c5f2 (webtiles) character file.

Game seed: 9084816552390810798

1510 CougarLife the Digger (level 8, -1/41 HPs)
             Began as a Gargoyle Earth Elementalist on Feb 14, 2024.
             Was an Initiate of Vehumet.
             Killed from afar by an orc wizard (11 damage)
             ... with a puff of flame
             ... on level 6 of the Dungeon.
             The game lasted 00:07:06 (4269 turns).

CougarLife the Digger (Gargoyle Earth Elementalist) Turns: 4269, Time: 00:07:07

Health: -1/41      AC:  8    Str: 12    XL:     8   Next: 83%
Magic:  24/25      EV: 18    Int: 18    God:    Vehumet [......]
Gold:   312        SH:  0    Dex: 14    Spells: 14/18 levels left

rFire   . . .        j - staff of earth
rCold   . . .        (no shield)
rNeg    + . .        a - +0 robe
rPois   ∞            (no helmet)
rElec   +            (no cloak)
rCorr   +            (no gloves)
SInv    .            y - +0 pair of boots
Will    .....        f - amulet of magic regeneration
Stlth   ++           g - +5 ring of evasion
HPRegen 0.26/turn    q - ring "Tuopt" {rCorr MP+9 Dex+4}
MPRegen 0.59/turn

%: no passive effects
@: no status effects
A: sickness immunity, AC +5, negative energy resistance 1, electricity
resistance, torment resistance 1, petrification resistance
a: Renounce Religion


You were on level 6 of the Dungeon.
You worshipped Vehumet.
Vehumet was noncommittal.
You visited 2 branches of the dungeon, and saw 7 of its levels.

You collected 312 gold pieces.

Inventory:

Armour
 a - a +0 robe (worn)
 y - a +0 pair of boots (worn)
Magical Staves
 j - a staff of earth (weapon)
Jewellery
 f - an amulet of magic regeneration (around neck)
 g - a +5 ring of evasion (left hand)
 q - the ring "Tuopt" (right hand) {rCorr MP+9 Dex+4}
   (You took it off an orc on level 4 of the Dungeon)

   [ring of magical power]

   Dex+4:     It affects your dexterity (+4).
   MP+9:      It affects your magic capacity (+9).
   rCorr:     It protects you from acid and corrosion.
Wands
 p - a wand of paralysis (9)
 t - a wand of polymorph (10)
Scrolls
 c - 7 scrolls of identify {unknown}
 d - 2 scrolls of enchant armour {unknown}
 e - 2 scrolls of teleportation {unknown}
 h - a scroll of brand weapon {unknown}
 m - a scroll of amnesia {unknown}
 n - a scroll of fog {unknown}
 r - a scroll of poison {unknown}
 s - 2 scrolls of fear {unknown}
 v - a scroll of noise {unknown}
Potions
 b - a potion of magic
 i - 3 potions of curing
 k - a potion of haste {unknown}
 l - a potion of cancellation {unknown}
 o - a potion of brilliance {unknown}
 u - a potion of heal wounds {unknown}
 w - a potion of enlightenment {unknown}


   Skills:
 * Level 3.1 Dodging
 - Level 2.1 Stealth
 + Level 5.7 Spellcasting
 + Level 6.3 Conjurations
 + Level 7.9 Earth Magic


You had 14 spell levels left.
You knew the following spells:

 Your Spells              Type           Power      Damage    Failure   Level
a - Sandblast             Erth           100%       2d20      1%          1
b - Stone Arrow           Conj/Erth      92%        3d12      1%          3

Your spell library contained the following spells:

 Spells                   Type           Power      Damage    Failure   Level
 Passwall                 Erth           50%        N/A       1%          3
 Foxfire                  Conj/Fire      64%        2x1d7     3%          1
 Momentum Strike          Conj/Tloc      32%        3d8       4%          2
 Brom's Barrelling Bould  Conj/Erth      46%        2d6       7%          4
 Blink                    Tloc           10%        N/A       19%         2
 Lesser Beckoning         Tloc           10%        N/A       19%         2
 Petrify                  Alch/Erth      29%        N/A       24%         4
 Tukima's Dance           Hex            5%         N/A       36%         3
 Passage of Golubria      Tloc           5%         N/A       77%         4
 Yara's Violent Unravell  Hex/Alch       2%         3d3       98%         5
 Starburst                Conj/Fire      8%         6d4       99%         6
 Plasma Beam              Fire/Air       2%         2x1d12    100%        6


Dungeon Overview and Level Annotations

Branches:
Dungeon (6/15)             Temple (1/1) D:5

Altars:
Ashenzari
Cheibriados
Dithmenos
Fedhas
Gozag
Hepliaklqana
Kikubaaqudgha
Makhleb
Qazlal
Ru
Sif Muna
Trog
Uskayaw
Vehumet
Wu Jian
Xom
Yredelemnul
Zin


Innate Abilities, Weirdness & Mutations

You are immune to sickness and miasma.
Your stone body is resilient. (AC +5)
You are immune to poison.
You resist negative energy. (rN+)
You are resistant to electric shocks. (rElec)
You are resistant to unholy torment.
You are immune to petrification.


Message History

Vehumet accepts your kill. The orc barely misses you. Something hits you!
The orc closely misses you.
Casting: Sandblast (safe; 1% risk of failure)
Confirm with . or Enter, or press ? or * to list all spells.
You don't know that spell.
Casting: Sandblast (safe; 1% risk of failure)
Confirm with . or Enter, or press ? or * to list all spells.
Aiming: Sandblast (safe; 1% risk of failure)
Press: ? - help, Shift-Dir - straight line, f - orc
Aim: an orc, wielding a +0 whip (85% to hit)
You feel a surge of power!
The blast of sand hits the orc!!!
You kill the orc!
Vehumet accepts your kill. Something hits you. x2
Casting: Sandblast (safe; 1% risk of failure)
Confirm with . or Enter, or press ? or * to list all spells.
Aiming: Sandblast (safe; 1% risk of failure)
Press: ? - help, Shift-Dir - straight line You feel a surge of power!
Something barely misses you.
Casting: Sandblast (safe; 1% risk of failure)
Confirm with . or Enter, or press ? or * to list all spells.
Aiming: Sandblast (safe; 1% risk of failure)
Press: ? - help, Shift-Dir - straight line You feel a surge of power!
Something hits you. Something hits you but does no damage.
Casting: Sandblast (safe; 1% risk of failure)
Confirm with . or Enter, or press ? or * to list all spells.
Aiming: Sandblast (safe; 1% risk of failure)
Press: ? - help, Shift-Dir - straight line You feel a surge of power!
Something hits you.
Casting: Sandblast (safe; 1% risk of failure)
Confirm with . or Enter, or press ? or * to list all spells.
Aiming: Sandblast (safe; 1% risk of failure)
Press: ? - help, Shift-Dir - straight line You feel a surge of power!
Something hits you.
* * * LOW HITPOINT WARNING * * *
You hear some strange, mumbled words.
A puff of flame appears from out of thin air!
The puff of flame hits you!
You die...

####..# #######
......# ###...# #.).#
##### ###...# ##...##
.....)####.....#
###.#........).#
#.##)###.....######...
#.##.####.....@.)))>..
#.#...÷...###.{).....|
#.#..###### #.#####.##
#.#..# #.# #.#..# #.#
###.#..# #.#
.......#### ...
###.#.....# #<.#
###.###.##.# #


There were no monsters in sight!

Vanquished Creatures
  Menkaure (D:5)
  A water moccasin (D:5)
  2 centaurs (D:5)
  A bullfrog (D:4)
  3 bombardier beetles
  A jelly (D:5)
  A gnoll bouda (D:6)
  3 orc priests
  3 hounds
  4 iguanas
  Ijyb (D:5)
  5 orc wizards
  A sleepcap (D:5)
  13 adders
  11 gnolls
  2 shadow imps (D:6)
  2 ribbon worms
  2 dart slugs
  12 orcs
  3 endoplasms
  4 giant cockroaches
  3 goblins (D:1)
  7 hobgoblins
  12 jackals (D:1)
  9 quokkas
  3 ball pythons
  6 bats
  4 frilled lizards
  10 kobolds
  8 rats
138 creatures vanquished.

Notes
Turn   | Place    | Note
-------+----------+-------------------------------------------
     0 | D:1      | CougarLife the Gargoyle Earth Elementalist began the quest
                  | for the Orb.
     0 | D:1      | Reached XP level 1. HP: 10/10 MP: 3/3
    98 | D:1      | Reached XP level 2. HP: 7/15 MP: 0/5
   179 | D:1      | Reached skill level 4 in Earth Magic
   270 | D:1      | Reached XP level 3. HP: 19/19 MP: 4/6
   570 | D:1      | Reached XP level 4. HP: 15/24 MP: 0/8
  1072 | D:2      | Reached XP level 5. HP: 27/28 MP: 7/9
  1107 | D:2      | Reached skill level 5 in Earth Magic
  1127 | D:2      | Learned a level 3 spell: Stone Arrow
  1643 | D:3      | Reached XP level 6. HP: 20/32 MP: 9/11
  2104 | D:3      | Found a faded altar of an unknown god.
  2436 | D:4      | Identified the +6 short sword "Lulebac" {holy, rElec rPois
                  | rN+ Int+2}
  2520 | D:4      | Found a hazy altar of Hepliaklqana.
  2526 | D:4      | Reached skill level 6 in Earth Magic
  2527 | D:4      | Reached XP level 7. HP: 36/36 MP: 10/13
  2664 | D:4      | Found a basalt altar of Yredelemnul.
  2668 | D:4      | Identified the ring "Tuopt" {rCorr MP+9 Dex+4}
  2856 | D:4      | Found a sacrificial altar of Ru.
  2981 | D:4      | Found a hide-covered altar of Uskayaw.
  3159 | D:5      | Entered Level 5 of the Dungeon
  3215 | D:5      | Reached skill level 5 in Conjurations
  3264 | D:5      | Noticed Ijyb
  3273 | D:5      | Killed Ijyb
  3287 | D:5      | Reached skill level 7 in Earth Magic
  3326 | D:5      | Reached skill level 5 in Spellcasting
  3326 | D:5      | Reached XP level 8. HP: 41/41 MP: 15/15
  3488 | D:5      | Found a staircase to the Ecumenical Temple.
  3500 | Temple   | Entered the Ecumenical Temple
  3513 | Temple   | Became a worshipper of Vehumet
  3619 | D:5      | Noticed Menkaure
  3624 | D:5      | Killed Menkaure
  4186 | D:6      | Found a shimmering blue altar of Sif Muna.
  4269 | D:6      | Killed from afar by an orc wizard

Illustrated notes

Levels and vault maps discovered:
D:1:      mrwooster_arrival_statue_3, layout_rooms
D:2:      layout_rooms, grunt_decor_arrowhead, kennysheep_generic_room_16
D:3:      layout_loops_ring, dreamdust_ecumenical_altar_hidden_monk_grotto,
          kennysheep_nub, grunt_decor_junction, hangedman_glass_teeth,
          minmay_box_of_dots
D:4:      layout_basic, yredelemnul_altar_generic, nicolae_uskayaw_suspiria,
          mainiacjoe_overflow_alcove_4, mainiacjoe_overflow_brackets
D:5:      layout_basic, minmay_temple_entry_statues_fountains,
          kennysheep_generic_room_3, uniq_ijyb, uniq_menkaure
D:6:      layout_loops_ring, mainiacjoe_overflow_catwalk,
          mainiacjoe_overflow_alcove_3, serial_rivers,
          chequers_serial_rivers_small_a, chequers_serial_rivers_large_a,
          chequers_serial_rivers_marsh, chequers_serial_rivers_micro_e,
          amcnicky_mini_rare_corridor_liquid
Temple:   compressed_dpeg_triangle_lava_temple

Skill      XL: |  1  2  3  4  5  6  7  8 |
---------------+-------------------------+-----
Earth Magic    | 4 5 6 7 |  7.9
Conjurations   | 2 3 4 5 6 |  6.3
Spellcasting   | 3 4 5 |  5.7
Dodging        | 3 |  3.1
Stealth        | |  2.1

Action                     |  1- 3 |  4- 6 |  7- 9 || total
---------------------------+-------+-------+-------++-------
  Melee: Unarmed           |    44 |       |       ||    44
         Punch             |     2 |       |       ||     2
         Staff             |       |     1 |     1 ||     2
   Cast: Sandblast         |    36 |    82 |   100 ||   218
    Use: Potion            |       |       |     1 ||     1
 Armour: Robe              |    60 |    19 |    56 ||   135
         Skin              |       |       |     4 ||     4
  Dodge: Dodged            |    55 |    13 |    65 ||   133

Table legend: (Time is in decaauts)
 A = Elapsed time spent in this place.
 B = Non-inter-level travel time spent in this place.
 C = Inter-level travel time spent in this place.
 D = Time resting spent in this place.
 E = Time spent auto-exploring this place.
 F = Levels seen in this place.
 G = Mean time per level.
                   A        B        C        D        E       F      G
               +--------+--------+--------+--------+--------+-----+--------+
         Total |   4376 |   4216 |    160 |    496 |   2865 |   7 |  625.1 |
       Dungeon |   4350 |   4214 |    136 |    496 |   2865 |   6 |  725.0 |
        Temple |     26 |      2 |     24 |      0 |      0 |   1 |   26.0 |
               +--------+--------+--------+--------+--------+-----+--------+

Top non-repeatable levels by time:
     D:1: 983 daAuts
     D:3: 815 daAuts
     D:5: 814 daAuts
     D:4: 789 daAuts
     D:2: 645 daAuts
     D:6: 301 daAuts
  Temple: 26 daAuts
